 Dungeon Crawl Stone Soup version 0.30-a0-613-gdd512c7efb (webtiles) character file.

Game seed: 5613740765123657280

37 acebull12 the Trooper (level 3, -7/33 HPs)
             Began as a Hill Orc Fighter on Jan 9, 2023.
             Killed by nerve-wracking pain
             ... invoked by a shadow imp
             ... summoned by Natasha
              (11 damage)
             ... on level 2 of the Dungeon.
             The game lasted 00:02:05 (1344 turns).

acebull12 the Trooper (Hill Orc Fighter)            Turns: 1344, Time: 00:02:06

Health: -7/33      AC:  7    Str: 20    XL:     3   Next: 41%
Magic:  3/3        EV:  9    Int:  8    God:
Gold:   83         SH:  4    Dex: 10    Spells: 2/2 levels left

rFire   . . .      SeeInvis .    a - +0 war axe
rCold   . . .      Faith    .    c - +0 buckler
rNeg    . . .      Spirit   .    b - +0 scale mail
rPois   .          Reflect  .    (no helmet)
rElec   .          Harm     .    (no cloak)
rCorr   .          Rampage  .    (no gloves)
Will    .....                    (no boots) Stlth
                                 (no amulet)
HPRegen 0.25/turn                j - ring of flight
MPRegen 0.08/turn                (no ring)

@: flying, slowed, very slow
A: no striking features
a: no special abilities


You were on level 2 of the Dungeon.
You visited 1 branch of the dungeon, and saw 2 of its levels.

You collected 83 gold pieces.

Inventory:

Hand Weapons
 a - a +0 war axe (weapon)
Missiles
 m - 7 stones (quivered)
Armour
 b - a +0 scale mail (worn)
 c - a +0 buckler (worn)
Jewellery
 j - a ring of flight (left hand)
Scrolls
 h - a scroll of teleportation
 i - a scroll of poison {unknown}
 k - 2 scrolls of enchant armour {unknown}
 l - a scroll of silence {unknown}
Potions
 d - 2 potions of might
 e - a potion of heal wounds
 f - a potion of cancellation {unknown}
 g - 3 potions of lignification


   Skills:
 * Level 4.1 Fighting
 * Level 3.3 Axes
 + Level 3.8 Armour
 + Level 3.6 Shields


You had 2 spell levels left.
You didn't know any spells.
Your spell library contained the following spells:

 Spells                   Type           Power      Damage    Failure   Level
 Foxfire                  Conj/Fire      0%         2x1d4     85%         1
 Fireball                 Conj/Fire      0%         3d3       100%        5
 Starburst                Conj/Fire      0%         6d3       100%        6


Dungeon Overview and Level Annotations

Branches:
Dungeon (2/15)

Altars:

Annotations:
D:2 Natasha


Message History

You closely miss Natasha. You hit the goblin but do no damage.
The goblin closely misses you.
Natasha stares at you and mumbles some strange words.
You feel yourself slow down. The goblin hits you but does no damage.
You hit Natasha.
Natasha is lightly wounded.
You hit the shadow imp but do no damage.
You hit the goblin. You block the shadow imp's attack.
Natasha stares at you and mumbles some strange words.
You resist with significant effort. The goblin closely misses you.
The shadow imp hits you. Natasha completely misses you.
You hit the goblin.
You kill the goblin!
You hit the shadow imp but do no damage.
You hit Natasha. The shadow imp hits you. You block Natasha's attack.
The shadow imp hits you.
* * * LOW HITPOINT WARNING * * *
Natasha claws you but does no damage.
You miss Natasha.
Natasha is moderately wounded.
You barely miss the shadow imp.
The shadow imp hits you but does no damage.
Natasha claws you!
* * * LOW HITPOINT WARNING * * *
The shadow imp shouts, "Scamper hence, thou jarring dread-bolted pimple!"
The shadow imp hits you but does no damage.
Natasha barely misses you.
You closely miss Natasha.
Natasha is moderately wounded.
You hit the shadow imp. The shadow imp barely misses you.
Natasha barely misses you. You block the shadow imp's attack.
Natasha closely misses you.
You closely miss Natasha.
Natasha is moderately wounded.
You closely miss the shadow imp.
The shadow imp hits you but does no damage.
You block Natasha's attack. The shadow imp gestures at you.
Pain shoots through your body!
You die...

. #..#.....###
#.
#.#......###.#
.
##.#....#....#
##
.....#...#.###
.......#.†#.###
...#.......#..#
............###
..##..#.#####
.......)@†..#
##.#....h5.#.?#
#...#..#.#
#.#...#. #
......#...
##..... .###
#..)#. .. #..
.. #.


You could see Natasha and a shadow imp (summoned).

Vanquished Creatures
  A gnoll (D:2)
  3 ball pythons
  An endoplasm (D:1)
  3 giant cockroaches
  A goblin (D:2)
  6 hobgoblins
  3 kobolds
  A quokka (D:2)
  2 frilled lizards (D:2)
  3 rats
24 creatures vanquished.

Notes
Turn   | Place    | Note
-------+----------+-------------------------------------------
     0 | D:1      | acebull12 the Hill Orc Fighter began the quest for the Orb.
     0 | D:1      | Reached XP level 1. HP: 19/19 MP: 1/1
   310 | D:1      | Reached XP level 2. HP: 27/27 MP: 2/2
   859 | D:2      | Reached skill level 4 in Fighting
   935 | D:2      | Found a faded altar of an unknown god.
  1088 | D:2      | Reached XP level 3. HP: 33/33 MP: 3/3
  1334 | D:2      | Noticed Natasha
  1344 | D:2      | Killed from afar by a shadow imp

Illustrated notes

Levels and vault maps discovered:
D:1:      minmay_arrival_open_corners, layout_basic
D:2:      layout_basic, hellmonk_ecumenical_altar_inner_sanctum,
          hangedman_decor_peaks_small, minmay_increasing_density, uniq_natasha

Skill      XL: |  1  2 |
---------------+-------+-----
Axes           | 3 |  3.3
Fighting       | 4 |  4.1
Armour         | |  3.8
Shields        | |  3.6

Action                   || total
-------------------------++-------
Melee: War axe           ||    69
  Use: Scroll            ||     3
Armor: Scale mail        ||    32
Dodge: Dodged            ||    34
Block: Buckler           ||    18

Table legend: (Time is in decaauts)
 A = Elapsed time spent in this place.
 B = Non-inter-level travel time spent in this place.
 C = Inter-level travel time spent in this place.
 D = Time resting spent in this place.
 E = Time spent auto-exploring this place.
 F = Levels seen in this place.
 G = Mean time per level.
                   A        B        C        D        E       F      G
               +--------+--------+--------+--------+--------+-----+--------+
         Total |   1372 |   1296 |     76 |    100 |   1004 |   2 |  686.0 |
       Dungeon |   1372 |   1296 |     76 |    100 |   1004 |   2 |  686.0 |
               +--------+--------+--------+--------+--------+-----+--------+

Top non-repeatable levels by time:
     D:1: 772 daAuts
     D:2: 599 daAuts
